 Dungeon Crawl Stone Soup version 0.27.1-35-g4d5d836560 (webtiles) character file.

Game seed: 15441589421845795042

103 Delamore the Sneak (level 4, 0/29 HPs)
             Began as an Octopode Brigand on Mar 3, 2022.
             Slain by an orc priest (6 damage)
             ... on level 2 of the Dungeon.
             The game lasted 00:01:03 (1992 turns).

Delamore the Sneak (Octopode Brigand)               Turns: 1992, Time: 00:01:04

Health: 0/29       AC:  1    Str: 10    XL:     4   Next: 79%
Magic:  4/4        EV: 12    Int: 13    God:
Gold:   57         SH:  0    Dex: 14    Spells: 3/3 levels left

rFire    . . .     SeeInvis .   e - +0 dagger (venom)
rCold    . . .     Faith    .   (no shield)
rNeg     . . .     Spirit   .   (helmet restricted)
rPois    .         Reflect  .   (no amulet)
rElec    .         Harm     .   (no ring)
rCorr    .         Rampage  .   (no ring)
Will     .....                  (no ring)
Stlth    +++++.....             (no ring)
HPRegen  0.09/turn              (no ring)
MPRegen  0.09/turn              (no ring)
                                (no ring)
                                (no ring)

@: no status effects
A: almost no armour, amphibious, 8 rings, camouflage 1, gelatinous body 1,
(nimble swimmer 1), tentacles
a: no special abilities


You were on level 2 of the Dungeon.
You visited 1 branch of the dungeon, and saw 2 of its levels.

You collected 57 gold pieces.

Inventory:

Hand Weapons
 a - a +2 dagger
 e - a +0 dagger of venom (weapon)
 f - a +3 dagger
Missiles
 b - 8 poisoned darts (quivered)
 c - 2 curare-tipped darts
Scrolls
 d - a scroll of fog {unknown}
 h - a scroll of identify {unknown}
 i - a scroll of holy word {unknown}
 j - a scroll of enchant armour {unknown}
Potions
 g - a potion of mutation {unknown}
 k - a potion of haste {unknown}


   Skills:
 - Level 2.0 Fighting
 + Level 3.1 Short Blades
 - Level 2.0 Throwing
 - Level 1.0 Dodging
 * Level 7.5 Stealth


You had 3 spell levels left.
You didn't know any spells.
Your spell library was empty.

Dungeon Overview and Level Annotations

Branches:
Dungeon (2/15)

Altars:


Innate Abilities, Weirdness & Mutations

You cannot wear most types of armour.
You are amphibious.
You can wear up to eight rings at the same time.
Your skin changes colour to match your surroundings (Stealth+).
Your rubbery body absorbs attacks. (AC +1, EV +1)
((You are camouflaged near water. (Stealth+)))
You have tentacles for arms and can constrict up to eight enemies at once.


Message History

No target in view!
No target in view!
No target in view!
No target in view!
No target in view!
An orc comes into view. It is wielding a +0 hand axe.
An orc is nearby!
An orc is nearby!
An orc comes into view. It is wielding a +0 short sword.
The helpless orc fails to defend itself.
You perforate the orc like a sieve!!!
You kill the orc!
An orc priest comes into view. It is wielding a +0 war axe.
An orc priest comes into view. It is wielding a +0 dagger.
The helpless orc priest fails to defend itself.
You impale the orc priest!!
You kill the orc priest!
Your Short Blades skill increases to level 3!
Your Stealth skill increases to level 7!
You have reached level 4!
An orc priest comes into view. It is wielding a +0 whip.
The orc priest mumbles some strange prayers to Beogh against you.
Pain shoots through your body!
The helpless orc priest fails to defend itself.
You impale the orc priest!!
You kill the orc priest!
The orc shouts!
The orc throws a boomerang.
The boomerang hits you.
You barely miss the orc priest. You grab the orc priest.
You constrict the orc priest. The orc priest hits you with a +0 whip.
The orc throws a boomerang.
The boomerang hits you.
You hit the orc priest.
The orc priest is poisoned.
The orc priest is moderately wounded.
You constrict the orc priest. The orc priest hits you with a +0 whip.
The orc throws a boomerang.
The boomerang hits you.
* * * LOW HITPOINT WARNING * * *
You hit the orc priest.
The orc priest is almost dead.
You constrict the orc priest. The orc priest hits you with a +0 whip.
You die...

.......... ###.###...
... ###. #.. #. #.# #.
####### #.# #. #)....#
#.# #.
#######.###.###.#######.
.....o.@.)#.##.......#..
#######o#.......####.#..
#.###.##.#####.#.#
#.....##.##.......
########.##.##.#รท#
#.##.##.#.# #.......#..
#####.##### #.#


You could see an orc priest (very poisoned) and an orc.

Vanquished Creatures
  2 orc priests (D:2)
  An adder (D:2)
  A worm (D:2)
  3 dart slugs (D:1)
  An orc (D:2)
  2 ball pythons
  2 endoplasms (D:2)
  2 giant cockroaches (D:1)
  2 hobgoblins
  A quokka (D:1)
  3 bats
  A frilled lizard (D:1)
  3 goblins (D:1)
  A kobold (D:1)
  A rat (D:1)
26 creatures vanquished.

Notes
Turn   | Place    | Note
-------+----------+-------------------------------------------
     0 | D:1      | Delamore the Octopode Brigand began the quest for the Orb.
     0 | D:1      | Reached XP level 1. HP: 14/14 MP: 1/1
   336 | D:1      | Reached XP level 2. HP: 8/19 MP: 2/2
  1028 | D:1      | Reached skill level 6 in Stealth
  1353 | D:2      | Reached XP level 3. HP: 24/24 MP: 3/3
  1987 | D:2      | Reached skill level 7 in Stealth
  1987 | D:2      | Reached XP level 4. HP: 29/29 MP: 4/4
  1992 | D:2      | Slain by an orc priest

Illustrated notes

Levels and vault maps discovered:
D:1:      matt_arrival_diagonals, layout_loops_corners
D:2:      layout_loops_cross, amcnicky_mini_rare_corridor_liquid,
          supply_closet_lemuel, amcnicky_mini_corridor_feature

Skill      XL: |  1  2  3 |
---------------+----------+-----
Stealth        | 6 7 |  7.5
Short Blades   | 3 |  3.1
Fighting       | |  2.0
Throwing       | |  2.0
Dodging        | |  1.0

Action                   |  1- 3 |  4- 6 || total
-------------------------+-------+-------++-------
Melee: Dagger            |    61 |     4 ||    65
       Constrict         |    17 |     1 ||    18
       Tentacles         |     8 |       ||     8
  Use: Potion            |     1 |       ||     1
 Stab: Sleeping          |     4 |     1 ||     5
Armor: Skin              |     4 |       ||     4
Dodge: Dodged            |    30 |       ||    30
